 Dungeon Crawl Stone Soup version 0.19-a0-14-gde87d98 (webtiles) character file.

9631 DEFE the Nimble (level 11, -3/67 HPs)
             Began as a Deep Elf Fighter on Apr 29, 2016.
             Was an Initiate of Ashenzari.
             Slain by a wyvern (9 damage)
             ... on level 10 of the Dungeon.
             The game lasted 01:10:43 (17711 turns).

DEFE the Nimble (Deep Elf Fighter)                 Turns: 17711, Time: 01:10:44

Health: -3/67      AC:  8    Str: 16    XL:     11   Next: 25%
Magic:  14/14      EV: 14    Int: 14    God:    Ashenzari [......]
Gold:   692        SH: 10    Dex: 14    Spells: 1 memorised, 6 levels left

rFire  . . .     SeeInvis +     k - +2 dagger (venom)
rCold  + . .     Gourm    .     v - +1 ring mail {rC+} (curse)
rNeg   . . .     Faith    .     c - +0 shield (curse)
rPois  .         Spirit   .     (no helmet)
rElec  .         Dismiss  .     (no cloak)
rCorr  .         Reflect  .     (no gloves)
SustAt .         Harm     .     F - +0 pair of boots (curse)
MR     +....                    (no amulet)
Stlth  ++........               T - ring of stealth (curse)
                                C - ring of see invisible

@: somewhat resistant to hostile enchantments, unstealthy
A: no striking features
a: Curse Item, Renounce Religion


You were on level 10 of the Dungeon.
You worshipped Ashenzari.
Ashenzari was noncommittal.
You were not hungry.

You visited 2 branches of the dungeon, and saw 12 of its levels.
You also visited: Ossuary.

You collected 692 gold pieces.

Inventory:

Hand Weapons
 a - a +0 long sword
 k - a +2 dagger of venom (weapon)
 o - a +2 short sword of flaming
Missiles
 A - a throwing net
 S - 8 steel javelins (quivered)
Armour
 b - a +0 scale mail
 c - a cursed +0 shield (worn)
 v - a cursed +1 ring mail of cold resistance (worn)
 F - a cursed +0 pair of boots (worn)
Jewellery
 r - an uncursed ring of fire
 C - a ring of see invisible (left hand)
 T - a cursed ring of stealth (right hand)
Wands
 y - a wand of paralysis (7/24)
 L - a wand of acid (0/15)
Scrolls
 g - 4 scrolls of remove curse
 h - 2 scrolls of enchant armour {unknown}
 q - 3 scrolls of enchant weapon {unknown}
 w - 3 scrolls of magic mapping
 x - 3 scrolls of teleportation {unknown}
 z - 2 scrolls of blinking
 D - a scroll of fear
 E - a scroll of immolation {unknown}
 H - 5 scrolls of amnesia {unknown}
 M - 3 scrolls of recharging
Potions
 d - a potion of might
 e - a potion of heal wounds
 j - 2 potions of curing
 l - 4 potions of flight {unknown}
 m - 2 potions of cure mutation {unknown}
 n - 2 potions of haste {unknown}
 p - 3 potions of cancellation {unknown}
 s - a potion of beneficial mutation {unknown}
 t - 2 potions of resistance
 u - 4 potions of lignification
 G - a potion of brilliance {unknown}
 N - 2 potions of magic
Books
 B - a book of Debilitation

   Spells                             Type                      Level
   a - Corona                         Hexes                        1
   b - Slow                           Hexes                        2
   c - Gell's Gravitas                Hexes/Translocation          3
   d - Inner Flame                    Hexes/Fire                   3
   e - Cause Fear                     Hexes                        4
   f - Leda's Liquefaction            Hexes/Earth                  4
 J - a book of Conjurations

   Spells                             Type                      Level
   a - Magic Dart                     Conjuration                  1
   b - Searing Ray                    Conjuration                  2
   c - Dazzling Spray                 Conjuration/Hexes            3
   d - Fulminant Prism                Conjuration/Hexes            4
   e - Iskenderun's Mystic Blast      Conjuration                  4
   f - Iskenderun's Battlesphere      Conjuration/Charms           5
 K - a Young Poisoner's Handbook

   Spells                             Type                      Level
   a - Sting                          Conjuration/Poison           1
   b - Cure Poison                    Poison                       2
   c - Mephitic Cloud                 Conjuration/Poison/Air       3
   d - Olgreb's Toxic Radiance        Poison                       4
   e - Venom Bolt                     Conjuration/Poison           5
 Q - a book of Frost

   Spells                             Type                      Level
   a - Freeze                         Ice                          1
   b - Throw Frost                    Conjuration/Ice              2
   c - Ozocubu's Armour               Charms/Ice                   3
   d - Throw Icicle                   Conjuration/Ice              4
   e - Summon Ice Beast               Ice/Summoning                4
Miscellaneous
 i - a lamp of fire (inert)
 P - a box of beasts
Comestibles
 f - a bread ration
 I - 3 beef jerkies
 R - 2 fruits


   Skills:
 + Level 7.1 Fighting
 + Level 7.2 Long Blades
 + Level 7.1 Armour
 + Level 9.8 Dodging
 + Level 6.9 Shields
 + Level 1.9 Evocations


You had 6 spell levels left.
You knew the following spells:

 Your Spells              Type           Power        Failure   Level  Hunger
a - Fulminant Prism       Conj/Hex       #.........   100%        4    #####..


Dungeon Overview and Level Annotations

Branches:
Dungeon (11/15)            Temple (1/1) D:6             Orc (0/2) D:10
   Lair: D:8-11

Altars:
Ashenzari
Cheibriados
Dithmenos
Elyvilon
Fedhas
Gozag
Kikubaaqudgha
Makhleb
Nemelex Xobeh
Okawaru
Pakellas
Qazlal
Ru
Sif Muna
Trog
Vehumet
Xom
Yredelemnul
Zin
The Shining One

Shops:
D:9 }

Annotations:
D:3 no0bjke's ghost, weakling MiBe


Message History

The wyvern is moderately wounded.
You block the wyvern's attack. The wyvern bites you.
You hit the wyvern but do no damage.
The wyvern is moderately wounded.
You block the wyvern's attack.
You hit the wyvern but do no damage.
The wyvern is heavily wounded.
The wyvern misses you.
You hit the wyvern but do no damage.
The wyvern is severely wounded.
You block the wyvern's attack.
You barely miss the wyvern.
The wyvern is severely wounded.
The wyvern bites you. The wyvern bites you!
* * * LOW HITPOINT WARNING * * *
You are too injured to fight recklessly!
You completely miss the wyvern.
The wyvern is severely wounded.
The wyvern bites you!
You die...

## .. ##.# ###...# ##.†.#
#@l♣♣♣ ♣P.♣ ♣♣.♣ ♣♣.♣♣
♣♣P.♣ ♣♣P..♣ ♣♣. ###
♣♣..♣♣♣ ♣PP.
###.♣♣♣♣♣♣♣♣..♣♣♣♣♣♣♣♣....
#...♣..P..P.....♣P.P....≈≈


You could see a wyvern.

Vanquished Creatures
  3 hill giants
  The ghost of no0bjke the Covered, a novice MiBe of Trog (D:5)
  A merfolk (D:10)
  Grinder (D:5)
  A troll (D:10)
  2 two-headed ogres (D:10)
  A shadow (D:10)
  A wyvern (D:10)
  A vampire (D:10)
  2 yaks (D:10)
  A wraith (D:10)
  A hog (D:10)
  A hippogriff (D:10)
  A hungry ghost (D:10)
  Menkaure (D:6)
  3 orc warriors
  2 ice beasts
  3 sky beasts
  2 ogres (D:8)
  3 phantoms
  2 black bears
  8 centaurs
  Blork the orc (D:5)
  A big kobold (D:8)
  8 giant frogs
  A water moccasin zombie (D:7)
  2 scorpions
  A troll zombie (Ossuary)
  6 killer bees (D:9)
  4 wights (D:7)
  An electric eel (D:10)
  6 howler monkeys
  2 crimson imps
  A jelly (D:9)
  A centaur zombie (Ossuary)
  A quasit (D:7)
  4 orc priests
  13 hounds
  A giant frog skeleton (D:5)
  11 orc wizards
  Ijyb (D:3)
  Terence (D:2)
  An iguana (D:6)
  8 worker ants
  6 sheep (D:10)
  3 ogre zombies (Ossuary)
  7 mummies (Ossuary)
  A hound zombie (D:7)
  A hound skeleton (D:6)
  A howler monkey zombie (D:3)
  2 worker ant zombies
  11 adders
  7 gnolls (D:7)
  4 shadow imps
  9 adder zombies
  3 adder skeletons
  5 worms
  A dart slug (D:3)
  5 giant geckos
  35 orcs
  5 giant cockroaches
  A gnoll zombie (Ossuary)
  13 goblins
  9 hobgoblins
  8 jackals
  11 kobolds
  3 quokkas
  2 ball pythons
  5 bats
  3 giant cockroach zombies (D:3)
  2 giant gecko skeletons
  3 giant newts
  3 goblin zombies (Ossuary)
  5 hobgoblin zombies (Ossuary)
  A jackal skeleton (D:3)
  A jackal zombie (D:6)
  4 kobold zombies (Ossuary)
  An orc zombie (D:4)
  A quokka skeleton (D:3)
  3 quokka zombies
  12 rats
  3 rat zombies (Ossuary)
  3 plants (D:10)
321 creatures vanquished.

Vanquished Creatures (others)
  10 plants (D:10)
10 creatures vanquished.

Grand Total: 331 creatures vanquished

Notes
Turn   | Place    | Note
--------------------------------------------------------------
     0 | D:1      | DEFE the Deep Elf Fighter began the quest for the Orb.
     0 | D:1      | Reached XP level 1. HP: 13/13 MP: 3/3
   180 | D:1      | Reached XP level 2. HP: 16/18 MP: 4/4
   323 | D:1      | Reached skill level 1 in Dodging
   781 | D:1      | Reached XP level 3. HP: 22/22 MP: 5/5
   929 | D:2      | Noticed Terence
   944 | D:2      | Killed Terence
   944 | D:2      | Reached skill level 2 in Dodging
  1140 | D:2      | Reached XP level 4. HP: 27/27 MP: 6/6
  1276 | D:2      | Found an oddly glowing altar of Pakellas.
  1704 | D:3      | Noticed no0bjke's ghost (weakling MiBe)
  1705 | D:3      | Noticed Ijyb
  2089 | D:3      | Reached XP level 5. HP: 23/32 MP: 7/7
  2315 | D:3      | Killed Ijyb
  2789 | D:3      | Found a glowing silver altar of Zin.
  2924 | D:4      | Reached skill level 3 in Dodging
  2924 | D:4      | Reached XP level 6. HP: 21/37 MP: 8/8
  3056 | D:4      | Found a sand-covered staircase.
  3066 | Ossuary  | Entered an ossuary
  5105 | Ossuary  | Reached XP level 7. HP: 29/41 MP: 9/9
  5118 | Ossuary  | Reached skill level 4 in Dodging
  5735 | D:4      | Found a burning altar of Makhleb.
  5735 | D:4      | Found a radiant altar of Vehumet.
  5874 | D:5      | Entered Level 5 of the Dungeon
  6256 | D:5      | Noticed no0bjke's ghost (novice MiBe)
  6304 | D:5      | Killed no0bjke's ghost
  6304 | D:5      | Reached skill level 5 in Dodging
  6304 | D:5      | Reached XP level 8. HP: 17/48 MP: 10/10
  6566 | D:5      | Noticed Blork the orc
  6576 | D:5      | Killed Blork the orc
  6631 | D:5      | Got a distressingly furry robe
  6642 | D:5      | Identified the +1 robe of the Demon Prince {rCorr} (You found it on level 5 of the Dungeon)
  7032 | D:5      | Noticed Grinder
  7041 | D:5      | Killed Grinder
  7148 | D:5      | Reached skill level 6 in Dodging
  7170 | D:5      | Reached skill level 5 in Armour
  7647 | D:6      | Found a basalt altar of Yredelemnul.
  7796 | D:6      | Reached skill level 5 in Fighting
  7796 | D:6      | Reached skill level 5 in Shields
  7953 | D:6      | Reached XP level 9. HP: 54/54 MP: 11/11
  8150 | D:6      | Found a staircase to the Ecumenical Temple.
  8152 | D:6      | Noticed Menkaure
  8161 | D:6      | Killed Menkaure
  8161 | D:6      | Reached skill level 5 in Long Blades
  8168 | Temple   | Entered the Ecumenical Temple
  8380 | Temple   | Became a worshipper of Ashenzari the Shackled
  8780 | D:6      | Found a shimmering altar of Xom.
  8780 | D:6      | Found a blossoming altar of Fedhas.
  9405 | D:7      | Reached skill level 7 in Dodging
  9587 | D:7      | Found a deep blue altar of Sif Muna.
 11217 | D:8      | Reached skill level 8 in Dodging
 11428 | D:8      | Reached XP level 10. HP: 49/60 MP: 12/12
 11456 | D:8      | Noticed a hill giant
 11477 | D:8      | Killed a hill giant
 11716 | D:8      | Noticed a hill giant
 11737 | D:8      | Killed a hill giant
 11956 | D:8      | Learned a level 4 spell: Fulminant Prism
 12562 | D:9      | Reached * piety under Ashenzari
 12590 | D:9      | Found Qiepy's Gadget Shoppe.
 12602 | D:9      | Reached skill level 9 in Dodging
 14014 | D:10     | Entered Level 10 of the Dungeon
 14019 | D:10     | Found a staircase to the Orcish Mines.
 14564 | D:10     | Reached XP level 11. HP: 58/66 MP: 13/13
 15188 | D:10     | Noticed a hill giant
 15380 | D:9      | Killed a hill giant
 15380 | D:9      | Reached skill level 1 in Evocations
 17711 | D:10     | Slain by a wyvern

Vault maps used:
D:1:      dpeg_arrival_chambers_temple_mockup, minmay_misc_feat_square,
          serial_bayou_lagoon_b
D:2:      grunt_pakellas_sulfur, uniq_terence
D:3:      marbit_many_paths, serial_undead, serial_undead_b, serial_undead_f,
          serial_undead_a, serial_undead_d, serial_undead_b, serial_undead_e,
          uniq_iyjb
D:4:      grunt_temple_overflow_lords_of_destruction, first_bread,
          enter_ossuary_3
D:5:      kennysheep_generic_room_4, uniq_blork_the_orc, uniq_grinder
D:6:      kennysheep_mini, amethyst_overflow_temple_binary,
          minmay_temple_entry_glass, uniq_menkaure
D:7:      lemuel_doored_altar, dk_noncrumbling_3
D:8:      grunt_potential
D:9:      serial_shops, nicolae_shop_stone
D:10:     kennysheep_town
D:11:     grunt_lair_entry_orc_guard_hut, hangedman_stone_soup,
          nicolae_ru_path_of_blood
Temple:   dpeg_five_rooms_temple_12
Ossuary:  ossuary_boxes_badplayer

Skill      XL: |  1  2  3  4  5  6  7  8  9 10 11 |
---------------+----------------------------------+-----
Dodging        | 1 2 3 5 6 8 9 |  9.8
Long Blades    | 2 3 4 5 6 7 |  7.2
Fighting       | 3 4 5 6 7 |  7.1
Armour         | 3 4 5 6 7 |  7.1
Shields        | 3 4 5 6 |  6.9
Evocations     | 1 |  1.9

Action                   |  1- 3 |  4- 6 |  7- 9 | 10-12 || total
-------------------------+-------+-------+-------+-------++-------
Melee: Long sword        |    92 |       |       |       ||    92
       Short sword       |    22 |   413 |   519 |       ||   954
       Dagger            |       |       |   110 |   793 ||   903
Invok: Curse Item        |       |       |     3 |     1 ||     4
Evoke: Wand              |       |     3 |    16 |    22 ||    41
       Lamp of fire      |       |       |       |     1 ||     1
  Use: Scroll            |       |     9 |     4 |     2 ||    15
       Potion            |       |     3 |     5 |     5 ||    13
 Stab: Paralysed         |       |    10 |    34 |    26 ||    70
       Distracted        |       |       |       |     1 ||     1
  Eat: Chunk             |     1 |     7 |     8 |     9 ||    25
       Bread ration      |       |     1 |     3 |     3 ||     7
       Pizza             |       |     1 |       |       ||     1
       Meat ration       |       |       |       |     1 ||     1
Armor: Scale mail        |    49 |    19 |       |       ||    68
       Ring mail         |       |    71 |   141 |   117 ||   329
       Skin              |       |       |       |    13 ||    13
Dodge: Dodged            |    25 |    96 |   235 |   345 ||   701
Block: Shield            |    44 |   130 |   299 |   347 ||   820
